Croesus, chaotic female elven Ranger #### ##..# W ##...# ##..# ##### #.## #...## #.# #...)## #.# #.@..# #.# ###.#..# #.# #...##... #.####.### #..# #.<....# #.. #.....## ## #.....# ##.###.### ##...##...# ##...###..# ##.## ##.# ### ### Croesus the Reconnoiteress Experience level: 12 Strength: 17 Dexterity: 17 Constitution: 16 Intelligence: 14 Wisdom: 15 Charisma: 7 Health: 94(94) Energy: 85(85) Def: 17 Gold: 38 Moves: 41943 Dungeon seed: z-PejOQeDF_S7D8q Game ID: Croesus_1605435859 Your Inventory: Amulets G - a blessed amulet of reflection (being worn) I - an uncursed amulet versus poison Weapons a - an uncursed +0 axe c - 6 blessed +0 arrows of frost d - an uncursed +0 elven spear (alternate weapon; not wielded) e - an uncursed +1 elven bow (weapon in hand) i - 12 blessed poisoned +0 orcish arrows m - an uncursed +0 orcish arrow L - 51 uncursed +2 elven arrows N - 44 uncursed +0 elven arrows P - 9 blessed poisoned +1 orcish arrows Q - 12 uncursed poisoned +0 orcish arrows (in quiver) X - an uncursed +0 arrow Y - 46 blessed +0 arrows Armor B - an uncursed +0 elven mithril-coat of shock immunity (being worn) C - an uncursed +0 cloak of magic resistance (being worn) D - a blessed +1 pair of iron shoes (being worn) E - an uncursed +0 elven leather helm (being worn) F - an uncursed +0 elven shield (being worn) Comestibles R - an uncursed female lizard corpse Rings K - an uncursed +1 ring of carrying S - an uncursed ring of shock immunity Wands f - an uncursed wand of slow monster (0:7) g - an uncursed wand of striking (0:8) h - an uncursed wand of digging (0:2) l - an uncursed wand of digging (0:4) n - an uncursed wand of polymorph (0:5) o - an uncursed wand of cold (0:5) q - an uncursed wand of digging (0:5) v - an uncursed wand of striking (0:4) H - an uncursed wand of slow monster (0:6) M - an uncursed wand of speed monster (0:5) O - an uncursed wand of sleep (0:2) V - an uncursed wand of sleep (0:6) W - a cursed wand of striking (0:5) Tools b - an uncursed sack k - an uncursed skeleton key s - an uncursed stethoscope t - an uncursed mirror u - an uncursed +0 unicorn horn w - an uncursed tin whistle T - an uncursed towel Gems j - an uncursed luckstone r - an uncursed touchstone Coins $ - 38 gold pieces Contents of the sack: 2 uncursed eucalyptus leaves an uncursed lembas wafer an uncursed lichen corpse 2 uncursed sprigs of wolfsbane a blessed scroll of genocide 3 uncursed scrolls of teleportation a blessed potion of extra healing an uncursed potion of full healing 2 uncursed agate stones an uncursed amber stone 4 uncursed amethyst stones 2 uncursed chrysoberyl stones 4 uncursed diamonds 4 uncursed emeralds 2 uncursed jasper stones an uncursed obsidian stone an uncursed opal 3 uncursed rubies Spells and supernatural/magical abilities: Name Level Category Cost Memory a - force bolt 1 attack 1000pw 100% c - cause fear 3 enchantment 3000pw 78% g - charging 7 enchantment 7000pw 95% k - knock 1 matter 1000pw 61% l - light 1 divination 1000pw 50% o - cone of cold 4 attack 4000pw 57% q - phase 7 escape 7000pw 50% I - identify 2 divination 2000pw 43% M - magic mapping 5 divination 5000pw 59% O - summoning 2 clerical 2000pw 47% T - turn undead 6 clerical 6000pw 52% W - pray for help -- divine ? -- Your skills at the end: Fighting Skills wands [Basic] Weapon Skills dagger [Skilled] spear [Skilled] bow [Expert] Spellcasting Skills divination spells [Basic] Final Attributes: You were piously aligned. You were fire resistant. You were cold resistant. You were immune to sleep. You were disintegration-resistant. You were immune to electricity. You were poison resistant. You were magic resistant. You saw invisible. You were telepathic. You had automatic searching. You had infravision. You were invisible. You were stealthy. You had teleport control. You were protected. You were fast. You had reflection. You were very lucky. You had extra luck. Bad luck did not time out for you. Good luck did not time out for you. You last prayed 7137 turns ago. Mars favoured you deeply. You are dead. Vanquished creatures: a red dragon a black dragon a minotaur a lurker above a samurai 2 giant mimics a flesh golem 2 large mimics a wumpus 2 long worms 2 stalkers an earth elemental a xorn a warg a winter wolf 2 small mimics a glass piercer a xan 3 quantum mechanics 4 gelatinous cubes a large dog 3 freezing spheres 2 flaming spheres 2 shocking spheres 2 large cats 3 tigers 2 gargoyles a dwarf king 5 tengu 3 ochre jellies 2 leocrottas an energy vortex an elf mummy 2 human mummies 2 pit vipers 2 pythons an ettin zombie a soldier 6 incubi 7 chameleons a crocodile 9 giant beetles 2 quivering blobs 4 cockatrices 14 wolves 3 winter wolf cubs a lynx a panther 10 leprechauns 4 orc-captains 2 iron piercers 2 mumakil 7 giant spiders 4 scorpions 2 horses an ice vortex 3 black lights 3 vampire bats 20 forest centaurs 7 gnome kings 3 orc mummies a dwarf mummy 4 ogres 5 brown puddings 2 rust monsters 3 owlbears a yeti 2 gold golems 2 werewolves 2 Green-elves 17 lizards 8 hunters 9 chickatrices 3 dogs 3 dingos 3 housecats 5 jaguars 4 dwarf lords 5 blue jellies a white unicorn a gray unicorn 5 dust vortices 4 ravens 7 plains centaurs 2 gnome mummies a snake 2 apes 14 human zombies 2 rope golems 6 soldier ants 2 fire ants 8 bugbears 2 imps a quasit 9 wood nymphs a water nymph 5 mountain nymphs 18 Mordor orcs 29 Uruk-hai an orc shaman 3 rock piercers 11 rock moles a pony 3 fog clouds 5 yellow lights 2 shriekers 5 violet fungi 20 gnome lords 9 gnomish wizards 3 kobold mummies 2 red naga hatchlings 3 black naga hatchlings a golden naga hatchling a guardian naga hatchling 4 gray oozes 3 elf zombies a ghoul a straw golem a paper golem a baby crocodile 28 giant ants 4 little dogs 5 floating eyes 5 kittens 28 dwarves 9 kobold lords a kobold shaman 15 hill orcs 19 rothes 3 rabid rats a centipede 7 giant bats 2 monkeys 5 orc zombies 5 dwarf zombies 4 wererats 2 werejackals 10 iguanas 15 killer bees 9 acid blobs 10 coyotes 6 gas spores 12 hobbits 19 manes 6 large kobolds 11 hobgoblins 11 giant rats 27 cave spiders 4 brown molds 6 yellow molds 3 green molds a red mold 70 gnomes 23 garter snakes 3 gnome zombies 20 geckos 14 jackals 4 foxes 5 kobolds 8 goblins 13 sewer rats 39 grid bugs 5 bats 22 lichens 5 kobold zombies 23 newts 1009 creatures vanquished. Genocided species: liches demiliches master liches arch-liches 4 species genocided. Voluntary challenges: You used a wielded weapon 1049 times, starting on turn 261. You read items or engraved 265 times, starting on turn 2788. You genocided 4 types of monsters, starting on turn 40963. You never polymorphed an object. You changed form 2 times, starting on turn 9826. You used no wishes. You never split a pudding. You wrote Elbereth's name 9 times, starting on turn 2788. You violated your moral code, losing 93 points of alignment, starting on turn 14625. Dungeon overview: The Dungeons of Doom: levels 1 to 16 Level 1 an altar to Mars, a fountain a long staircase Level 2 a potion shop stairs to The Gnomish Mines Level 3 a general store, an altar to Mars, a sink, a vault Level 4 a fountain, a sink Level 5 some fountains Level 6 many fountains Level 7 a fountain stairs to Sokoban Level 8 some fountains Level 9 a temple to Venus, a vault Level 10 a temple to Mercury Level 11 Level 12 a fountain portal to The Quest Level 13 some fountains Level 14 an altar to Mars, some fountains Level 15 a fountain, a sink, a throne Level 16 The Gnomish Mines: levels 3 to 10 Level 3 stairs to The Dungeons of Doom Level 4 Level 5 many shops, a temple to Venus, some fountains, some trees Level 6 Level 7 Level 8 Level 9 Level 10 a fountain The Quest: levels 1 to 2 Level 1 many trees portal to The Dungeons of Doom Level 2 <- You were here many trees Sokoban: levels 3 to 6 Level 3 Solved Level 4 Solved Level 5 Solved Level 6 Solved stairs to The Dungeons of Doom History has recorded: On T:1 you entered the Dungeons of Doom to retrieve the Amulet of Yendor! On T:541 you reached level 2 of The Dungeons of Doom. On T:652 you reached level 3 of The Dungeons of Doom. On T:755 you reached level 1 of The Gnomish Mines. On T:1009 you reached level 4 of The Dungeons of Doom. On T:2216 you reached level 2 of The Gnomish Mines. On T:2481 you reached level 3 of The Gnomish Mines. On T:3222 you advanced to experience level 2. On T:3462 you advanced to experience level 3. On T:3772 you advanced to experience level 4. On T:3960 you reached level 4 of The Gnomish Mines. On T:4759 you reached level 5 of The Dungeons of Doom. On T:4960 you reached level 6 of The Dungeons of Doom. On T:5401 you advanced to experience level 5. On T:6215 you reached level 7 of The Dungeons of Doom. On T:6300 you reached level 4 of Sokoban. On T:6852 you reached level 3 of Sokoban. On T:6932 you reached level 8 of The Dungeons of Doom. On T:7136 you advanced to experience level 6. On T:8512 you advanced to experience level 7. On T:8622 you reached level 2 of Sokoban. On T:9211 you reached level 1 of Sokoban. On T:11188 you advanced to experience level 8. On T:13623 you reached level 5 of The Gnomish Mines. On T:15044 you reached level 6 of The Gnomish Mines. On T:15647 you reached level 7 of The Gnomish Mines. On T:16290 you advanced to experience level 9. On T:19086 you reached level 8 of The Gnomish Mines. On T:20049 you reached level 12 of The Dungeons of Doom. On T:20097 you reached level 11 of The Dungeons of Doom. On T:20197 you reached level 13 of The Dungeons of Doom. On T:21762 you reached level 10 of The Dungeons of Doom. On T:22590 you advanced to experience level 10. On T:22674 you reached level 9 of The Dungeons of Doom. On T:33716 you reached level 1 of The Quest. On T:33829 you reached level 14 of The Dungeons of Doom. On T:33915 you reached level 15 of The Dungeons of Doom. On T:34841 you advanced to experience level 11. On T:35985 you reached level 16 of The Dungeons of Doom. On T:40216 you advanced to experience level 12. On T:40963 you genocided class 'L'. On T:41778 you embarked upon an epic quest. On T:41885 you reached level 2 of The Quest. Score breakdown: Gold: 38 ( 5412 points) Experience: 12 levels (18476 points) Exploration: 16 levels ( 32.00%) (16598 points) Discoveries: 96 items ( 32.54%) (17113 points) Valuables value: (no points given unless you survive) Artifact value: 0 ( 0 points) Variety of kills: 166 monsters ( 43.68%) (19828 points) Turncount: 41943 turns (-4496 points) Survival: died (score multiplied by 80%) Total score: 58344 Latest messages: You feel fully healed. You shoot 2 poisoned orcish arrows. The 1st poisoned orcish arrow hits the red dragon! The 2nd poisoned orcish arrow hits the red dragon! The poisoned orcish arrow hits the red dragon. You shoot 3 poisoned orcish arrows. Your orcish arrow is no longer poisoned. The 1st orcish arrow hits the red dragon. The red dragon is killed by the poisoned orcish arrow! m - an uncursed +0 orcish arrow. $ - 38 gold pieces. Q - 9 uncursed poisoned +0 orcish arrows (in quiver). There are several more objects here. You choke over it. You die... Final status: Goodbye Croesus the Ranger, choked on a quick snack... You choked in The Quest on dungeon level 2 with 58344 points, and 38 pieces of gold, after 41943 moves. You were level 12 with a maximum of 94 hit points when you choked.